 Dungeon Crawl Stone Soup version 0.21.2 (webtiles) character file.

123781 toffzen the Warrior (level 16, 0/135 HPs)
             Began as a Minotaur Fighter on Oct 10, 2018.
             Was the Champion of Hepliaklqana.
             Killed from afar by Azrael (22 damage)
             ... with damnation
             ... on level 2 of the Snake Pit.
             The game lasted 01:20:01 (30253 turns).

toffzen the Warrior (Minotaur Fighter)             Turns: 30253, Time: 01:20:02

Health: 0/135      AC: 22    Str: 23    XL:     16   Next: 37%
Magic:  15/15      EV: 15    Int:  2    God:    Hepliaklqana [******]
Gold:   2370       SH:  0    Dex: 15    Spells: 15/15 levels left

rFire    . . .     SeeInvis .   a - +4 battleaxe (vamp)
rCold    . . .     Gourm    .   (shield currently unavailable)
rNeg     + . .     Faith    .   E - +1 plate armour
rPois    +         Spirit   .   (helmet restricted)
rElec    .         Reflect  .   A - +1 cloak
rCorr    .         Harm     .   V - +0 pair of gloves
MR       +++..     Rnd*Rage +   (no boots)
Stlth    ..........             F - necklace of Bloodlust {*Rage +Rage MR++ Int-3 Slay+6 *Curse} (curse)
HPRegen  0.32/turn              g - ring of positive energy
MPRegen  0.14/turn              c - ring of poison resistance

@: no status effects
A: retaliatory headbutt, reduced essence, horns 2
a: Recall Ancestor, Ancestor Identity, Transference, Idealise, Renounce
Religion, Evoke Berserk Rage


You were on level 2 of the Snake Pit.
You worshipped Hepliaklqana.
Hepliaklqana was exalted by your worship.
You were not hungry.

You visited 4 branches of the dungeon, and saw 25 of its levels.

You collected 2610 gold pieces.
You spent 240 gold pieces at shops.

Inventory:

Hand Weapons
 a - a +4 vampiric battleaxe (weapon)
 r - a +2 hunting sling of freezing
 U - a +0 blowgun
Missiles
 i - 799 stones (quivered)
 y - 77 poisoned needles
 z - 107 sling bullets
 W - 23 curare-tipped needles
Armour
 A - a +1 cloak (worn)
 E - a +1 plate armour (worn)
 V - a +0 pair of gloves (worn)
Jewellery
 c - a ring of poison resistance (right hand)
 g - a ring of positive energy (left hand)
 l - an uncursed ring of resist corrosion
 C - an uncursed amulet of regeneration
 F - the cursed necklace of Bloodlust (around neck) {*Rage +Rage MR++ Int-3 Slay+6 *Curse}
   (You found it on level 7 of the Dungeon)

   [amulet of rage]

   It affects your intelligence (-3).
   It affects your accuracy and damage with ranged weapons and melee attacks
   (+6).
   It affects your resistance to hostile enchantments.
   It lets you go berserk.
   It may make you go berserk in combat.
   It curses itself when equipped.
   It has a curse placed upon it.
 O - an uncursed ring of ice
Wands
 u - a wand of paralysis (33)
 w - a wand of disintegration (20)
 D - a wand of scattershot (5)
 I - a wand of iceblast (45)
 M - a wand of enslavement (20)
 X - a wand of digging (6)
 Y - a wand of polymorph (10)
 Z - a wand of flame (61)
Scrolls
 j - 4 scrolls of magic mapping
 m - 2 scrolls of teleportation
 n - 3 scrolls of immolation
 p - 7 scrolls of blinking
 t - a scroll of fog
 v - 9 scrolls of remove curse
 B - 2 scrolls of brand weapon
 G - 4 scrolls of enchant armour
 K - 4 scrolls of fear
 L - a scroll of silence {unknown}
 P - a scroll of torment {unknown}
 T - a scroll of holy word
Potions
 b - 3 potions of flight
 d - 2 potions of might
 e - 4 potions of curing
 h - 10 potions of heal wounds
 k - 4 potions of brilliance
 o - a potion of haste
 q - 4 potions of magic
 s - a potion of berserk rage
 x - 2 potions of resistance
 J - 2 potions of invisibility
 N - a potion of agility
 Q - 4 potions of ambrosia
 R - 2 potions of lignification
 S - a potion of cancellation
Comestibles
 f - 36 rations


   Skills:
 + Level 16.0 Fighting
 + Level 15.9 Axes
 + Level 16.0 Armour
 + Level 14.5 Dodging
   Level 14.7 Shields


You had 15 spell levels left.
You didn't know any spells.

Dungeon Overview and Level Annotations

Branches:
Dungeon (15/15)            Temple (0/1) D:5            Lair (6/6) D:8
 Shoals (0/4) Lair:4        Snake (2/4) Lair:3        Slime (0/5) Lair:6
    Orc (2/2) D:10            Elf (0/3) Orc:2        Vaults (0/5) D:13
 Depths (0/5) D:15

Altars:
Ashenzari
Dithmenos
Fedhas
Gozag
Hepliaklqana
Makhleb
Ru
Trog
Wu Jian
Xom
Yredelemnul
The Shining One
Beogh

Shops:
D:8 =   D:10 (   D:13 [(   Orc:2 [*(=   Snake:1 }%

Annotations:
D:7 exclusion: 2 doors
D:12 exclusion: downstairs
Lair:4 exclusion: oklob plant
Snake:2 Azrael


Innate Abilities, Weirdness & Mutations

You reflexively headbutt those who attack you in melee.
You have a pair of horns on your head.
Your life essence is reduced to manifest your ancestor. (-10% HP)


Message History

The fire elemental hits you. The fire elemental burns you!
The salamander completely misses you. The fire elemental hits you.
The fire elemental burns you!
You slice the salamander!!
You feel better.
You kill the salamander!
You slash the fire elemental!
You destroy the fire elemental!
You slash Azrael!
Azrael hits you with a scimitar of flaming!
Azrael burns you.
A naga comes into view. It is wielding a mace of holy wrath.
You carve Azrael like a ham!!! You headbutt Azrael.
Azrael is severely wounded.
Azrael gestures at you.
The fireball explodes!
The fireball engulfs you!
* * * LOW HITPOINT WARNING * * *
The fireball engulfs Azrael.
Azrael completely resists.
Azrael gestures at you.
The sphere of damnation explodes!
The damnation engulfs you!
You die...

#........#
#........# .
#........# ...
#........##...
#.............
#.............
#....†R......N
#.....@)......
#....?........
#####'####....
#####.#### ###
#........#
#........#
#........#
#........#
#......>.#


You could see Azrael and a naga.

Vanquished Creatures
  Rupert (D:13)
  Frances (Snake:1)
  Kirke (D:14)
  An orc warlord (Orc:2)
  A nagaraja (Snake:2)
  Nessos (D:13)
  Snorg (D:14)
  Josephine (Snake:1)
  2 hydras
  Fannar (D:10)
  2 rakshasas (D:15)
  5 naga warriors
  4 two-headed ogres
  2 catoblepae
  An anaconda (Snake:2)
  3 centaur warriors
  A deep troll shaman (Lair:6)
  Erica (Orc:1)
  4 death yaks (Lair:6)
  4 naga sharpshooters
  2 shock serpents (Snake:1)
  An orc high priest (Orc:1)
  2 tengu warriors (D:15)
  Sonja (D:14)
  A salamander mystic (Snake:2)
  4 skeletal warriors (D:14)
  A fire crab (shapeshifter) (D:14)
  A wizard (D:15)
  An unseen horror (D:12)
  2 naga ritualists
  A glowing orange brain (D:15)
  5 orc knights
  A wolf spider zombie (D:15)
  4 mana vipers (Snake:1)
  3 orc sorcerers
  3 deep elf magi
  2 ugly things
  6 cyclopes
  2 salamanders
  A manticore (Lair:4)
  18 black mambas
  A torpor snail (Lair:6)
  6 centaur zombies
  21 elephants
  2 guardian serpents
  4 naga magi
  The ghost of Shutra the Ducker, a novice DsCK of Xom (D:5)
  4 spiny frogs
  5 komodo dragons
  2 kobold demonologists (D:13)
  6 rime drakes
  A tengu conjurer (D:14)
  2 efreet
  3 polar bears
  A meliai (shapeshifter) (D:15)
  A jumping spider (shapeshifter) (D:13)
  5 trolls
  A polar bear (shapeshifter) (D:15)
  19 blink frogs
  2 hornets (D:14)
  3 slime creatures (D:15)
  2 dream sheep (Lair:6)
  8 hippogriffs
  5 wraiths
  2 shadows
  A spriggan (D:7)
  42 yaks
  3 wyverns
  A hog (shapeshifter) (D:15)
  2 fire elementals (Snake:2)
  3 hogs (D:14)
  15 humans
  3 basilisks
  2 vampire mosquitoes (D:15)
  7 wargs
  13 nagas
  An acid dragon (D:14)
  9 water moccasins
  4 hell hounds (Snake:2)
  7 porcupines
  2 black bears (Lair:6)
  36 orc warriors
  3 ice beasts
  2 eyes of draining
  17 wolves
  11 ogres
  A centaur (D:14)
  12 crocodiles
  A hexer (D:15)
  Blork the orc (D:4)
  2 big kobolds (D:11)
  13 bullfrogs
  A wyvern skeleton (D:5)
  A scorpion (D:8)
  A hornet simulacrum (D:13)
  3 killer bees (D:10)
  12 wights
  2 vampire bats (Orc:2)
  2 electric eels (D:15)
  2 howler monkeys
  5 crimson imps
  A bullfrog zombie (D:10)
  3 bullfrog skeletons
  6 hounds
  15 orc priests
  8 centaur skeletons
  4 jellies
  3 iguanas
  7 worker ants
  32 orc wizards
  2 worker ant zombies
  10 adders
  2 shadow imps
  An ooze (D:3)
  An adder skeleton (D:7)
  2 worms (D:2)
  5 dart slugs
  9 leopard geckos
  89 orcs
  2 giant cockroaches
  A gnoll zombie (D:2)
  9 goblins
  4 hobgoblins
  12 jackals
  3 quokkas
  10 bats
  2 frilled lizards
  A jackal zombie (D:6)
  17 kobolds
  A leopard gecko zombie (D:7)
  2 rats
  8 fungi
  6 plants
728 creatures vanquished.

Vanquished Creatures (collateral kills)
  Erolcha (D:9)
  3 hydras
  A death yak (Lair:6)
  2 two-headed ogres
  A naga sharpshooter (Snake:1)
  An unseen horror (D:13)
  2 orc sorcerers (Orc:2)
  A cyclops (D:12)
  2 orc knights (Orc:2)
  A manticore (D:12)
  A naga mage (Snake:2)
  2 black mambas
  A spiny frog (Lair:4)
  A yaktaur (D:12)
  3 komodo dragons
  3 blink frogs
  A hippogriff (Lair:6)
  A slime creature (D:15)
  A spriggan (shapeshifter) (D:15)
  A human (D:12)
  5 yaks
  A vampire mosquito (D:15)
  A warg (Orc:2)
  2 nagas
  A porcupine (Lair:5)
  4 orc warriors
  A black bear (D:8)
  A phantom (D:7)
  A crocodile (Lair:3)
  2 bullfrogs
  A scorpion (D:11)
  A wight (D:12)
  A howler monkey (D:8)
  A hound (D:10)
  8 orc wizards
  2 centaur skeletons
  A worker ant (D:7)
  2 adders
  A worm (D:2)
  11 orcs
  A ball python (D:4)
  A gnoll zombie (D:2)
  3 jackals
  3 kobolds
  A fungus (Lair:6)
  A plant (Lair:6)
88 creatures vanquished.

Vanquished Creatures (others)
  A centaur skeleton (D:14)
  A human (D:14)
  An orc warrior (Orc:2)
  A centaur (D:7)
  A jelly (D:15)
  A worker ant (D:7)
  22 hexers
  An adder skeleton (D:7)
  4 orcs
  18 fungi
  9 plants
60 creatures vanquished.

Grand Total: 876 creatures vanquished

Notes
Turn   | Place    | Note
-------+----------+-------------------------------------------
     0 | D:1      | toffzen the Minotaur Fighter began the quest for the Orb.
     0 | D:1      | Reached XP level 1. HP: 19/19 MP: 0/0
   153 | D:1      | Reached XP level 2. HP: 27/27 MP: 1/1
   714 | D:2      | Reached skill level 1 in Dodging
   715 | D:2      | Reached XP level 3. HP: 15/33 MP: 2/2
  1043 | D:2      | Found a hazy altar of Hepliaklqana.
  1064 | D:2      | Became a worshipper of Hepliaklqana the Forgotten
  1092 | D:2      | Found a shattered altar of Ashenzari.
  1304 | D:2      | Reached XP level 4. HP: 36/36 MP: 3/3
  1343 | D:2      | Found a burning altar of Makhleb.
  1378 | D:2      | Found a basalt altar of Yredelemnul.
  1529 | D:2      | Reached * piety under Hepliaklqana
  1941 | D:3      | Found a glowing golden altar of the Shining One.
  2068 | D:3      | Found an opulent altar of Gozag.
  2408 | D:4      | Reached XP level 5. HP: 31/42 MP: 4/4
  2628 | D:4      | Noticed Blork the orc
  2636 | D:4      | Killed Blork the orc
  2636 | D:4      | Reached XP level 6. HP: 28/49 MP: 5/5
  2770 | D:4      | Reached ** piety under Hepliaklqana
  2776 | D:4      | Remembered your ancestor Sideshow Bob as a hexer
  2817 | D:4      | Found a shadowy altar of Dithmenos.
  2837 | D:4      | Reached skill level 5 in Armour
  2838 | D:4      | Reached skill level 5 in Shields
  2842 | D:4      | Reached skill level 5 in Fighting
  3282 | D:5      | Entered Level 5 of the Dungeon
  3297 | D:5      | Reached XP level 7. HP: 42/54 MP: 6/6
  3318 | D:5      | Noticed Shutra's ghost (novice DsCK)
  3326 | D:5      | Killed Shutra's ghost
  3326 | D:5      | Reached skill level 5 in Axes
  3634 | D:5      | Reached XP level 8. HP: 35/63 MP: 7/7
  3877 | D:5      | Found a staircase to the Ecumenical Temple.
  4729 | D:6      | Reached skill level 5 in Dodging
  5060 | D:6      | Found an ornate altar of the Wu Jian Council.
  5193 | D:7      | Reached *** piety under Hepliaklqana
  5255 | D:7      | Found a bloodstained altar of Trog.
  5442 | D:7      | Reached XP level 9. HP: 67/71 MP: 8/8
  5548 | D:7      | Found the cursed necklace of Bloodlust {*Rage +Rage MR++ Int-3 Slay+6 *Curse}
  5928 | D:7      | Found a shimmering altar of Xom.
  6291 | D:8      | Found Koxtitoc's Jewellery Boutique.
  6441 | D:8      | Got a fine jade ring
  6544 | D:8      | Found a blossoming altar of Fedhas.
  6594 | D:8      | Identified the cursed ring "Yvvybum" {rF+ rC++ Str-4 Dex-3 Stlth+} (You found it on level 8 of the Dungeon)
  6673 | D:8      | Found a staircase to the Lair.
  6983 | D:8      | Found a sacrificial altar of Ru.
  7171 | D:9      | Noticed a two-headed ogre
  7180 | D:9      | Killed a two-headed ogre
  7180 | D:9      | Reached XP level 10. HP: 81/81 MP: 9/9
  7465 | D:9      | Noticed a two-headed ogre
  7471 | D:9      | Killed a two-headed ogre
  7476 | D:9      | Noticed Erolcha
  7479 | D:9      | Noticed a two-headed ogre
  7487 | D:9      | Killed a two-headed ogre
  7490 | D:9      | Killed Erolcha
  8152 | D:10     | Entered Level 10 of the Dungeon
  8152 | D:10     | Reached **** piety under Hepliaklqana
  8152 | D:10     | Noticed Fannar
  8173 | D:10     | Killed Fannar
  8173 | D:10     | Reached XP level 11. HP: 47/89 MP: 10/10
  8645 | D:10     | Noticed a two-headed ogre
  9011 | D:10     | Reached skill level 10 in Fighting
  9272 | D:10     | Found a staircase to the Orcish Mines.
  9275 | D:10     | Reached skill level 10 in Armour
  9280 | D:10     | Found Ethim's Weapon Emporium.
  9333 | D:10     | Killed a two-headed ogre
  9333 | D:10     | Reached skill level 10 in Shields
 10158 | Orc:1    | Entered Level 1 of the Orcish Mines
 10164 | Orc:1    | Noticed Erica
 10174 | Orc:1    | Killed Erica
 10225 | Orc:1    | Noticed an orc sorcerer
 10232 | Orc:1    | Killed an orc sorcerer
 10232 | Orc:1    | Reached skill level 10 in Axes
 10434 | Lair:1   | Entered Level 1 of the Lair of Beasts
 11812 | Lair:2   | Reached XP level 12. HP: 71/99 MP: 11/11
 12538 | Lair:2   | Reached skill level 10 in Dodging
 12606 | Lair:2   | Noticed an eight-headed hydra
 12613 | Lair:2   | Killed an eight-headed hydra
 13078 | Lair:3   | Found a staircase to the Snake Pit.
 13280 | Lair:3   | Reached ***** piety under Hepliaklqana
 13699 | Lair:3   | You fall through a shaft!
 14672 | Lair:4   | Found a staircase to the Shoals.
 14673 | Lair:4   | Noticed a six-headed hydra
 15060 | D:11     | Noticed a two-headed ogre
 15068 | D:11     | Killed a two-headed ogre
 15585 | D:12     | Reached XP level 13. HP: 105/106 MP: 2/12
 16608 | D:13     | Found a gate to the Vaults.
 16608 | D:13     | Noticed Rupert
 16608 | D:13     | Noticed Nessos
 16757 | Orc:2    | Entered Level 2 of the Orcish Mines
 16760 | Orc:2    | Found Lyjebb's Antique Weapon Shoppe.
 17278 | Orc:2    | Paralysed by an orc sorcerer for 3 turns
 17467 | Orc:2    | Found a roughly hewn altar of Beogh.
 17570 | Orc:2    | Found a staircase to the Elven Halls.
 17927 | Orc:2    | Found Taleicw's Antique Armour Boutique.
 17984 | Orc:2    | Reached ****** piety under Hepliaklqana
 18044 | Orc:2    | Found Qasi's General Store.
 18331 | Orc:2    | Noticed an orc warlord
 18344 | Orc:2    | Killed an orc warlord
 19706 | Orc:2    | Found Uczoq's Jewellery Boutique.
 20838 | Lair:5   | Reached XP level 14. HP: 93/116 MP: 13/13
 21549 | Lair:6   | Entered Level 6 of the Lair of Beasts
 21724 | Lair:6   | Found a staircase to the Slime Pits.
 23984 | D:13     | Killed Rupert
 24030 | D:13     | Reached XP level 15. HP: 85/125 MP: 14/14
 24185 | D:13     | Found Koluosuq's Antique Armour Emporium.
 24687 | D:13     | Killed Nessos
 24851 | D:13     | Found Vepsid's Weapon Shop.
 25493 | D:14     | Noticed Kirke
 25503 | D:14     | Killed Kirke
 25769 | D:14     | Noticed Snorg
 25776 | D:14     | Killed Snorg
 26087 | D:14     | Noticed Sonja
 26242 | D:14     | Killed Sonja
 26482 | D:15     | Entered Level 15 of the Dungeon
 26502 | D:15     | Reached skill level 15 in Fighting
 26502 | D:15     | Reached skill level 15 in Armour
 27059 | D:15     | Reached skill level 15 in Axes
 27670 | D:15     | Found a staircase to the Depths.
 27858 | Orc:2    | Bought an uncursed ring of poison resistance for 240 gold pieces
 28025 | Snake:1  | Entered Level 1 of the Snake Pit
 28472 | Snake:1  | Noticed Josephine
 28479 | Snake:1  | Killed Josephine
 28490 | Snake:1  | Reached XP level 16. HP: 134/134 MP: 15/15
 28623 | Snake:1  | Found Jerat's Food Shop.
 28627 | Snake:1  | Found Kyrex's Gadget Boutique.
 28870 | Snake:1  | Noticed Frances
 28884 | Snake:1  | Killed Frances
 30243 | Snake:2  | Noticed Azrael
 30253 | Snake:2  | Killed from afar by Azrael

Skill      XL: |  1  2  3  4  5  6  7  8  9 10 11 12 13 14 15 16 |
---------------+-------------------------------------------------+-----
Fighting       | 4 5 6 7 8 9 11 12 13 14 15 16 | 16.0
Dodging        | 1 2 3 4 5 7 8 9 10 11 13 14 | 14.5
Armour         | 4 5 6 7 8 9 11 12 13 14 15 16 | 16.0
Shields        | 4 5 6 7 8 9 11 12 13 14 | 14.7
Axes           | 3 4 5 6 8 9 10 12 13 14 15 | 15.9

Action                   |  1- 3 |  4- 6 |  7- 9 | 10-12 | 13-15 | 16-18 || total
-------------------------+-------+-------+-------+-------+-------+-------++-------
Melee: War axe           |    74 |    84 |   204 |       |       |       ||   362
       Headbutt          |     5 |    16 |    48 |   118 |   267 |    25 ||   479
       Battleaxe         |       |       |    18 |   539 |  1045 |   117 ||  1719
Invok: Ancestor Identity |     1 |       |       |       |       |       ||     1
       Recall Ancestor   |       |     1 |       |     2 |     2 |     1 ||     6
       Ancestor Life: He |       |     1 |       |       |       |       ||     1
Evoke: Wand              |       |       |     3 |    12 |    47 |       ||    62
  Use: Scroll            |       |     8 |     9 |    13 |    16 |       ||    46
       Potion            |       |       |     2 |     8 |     5 |     1 ||    16
 Stab: Distracted        |       |     1 |       |    10 |     7 |     1 ||    19
       Confused          |       |       |     3 |     4 |    10 |       ||    17
       Paralysed         |       |       |     5 |       |    10 |       ||    15
  Eat: Chunk             |     1 |     7 |     5 |    14 |    24 |       ||    51
       Ration            |       |       |     2 |     4 |     6 |     1 ||    13
Armor: Scale mail        |    34 |    28 |    20 |       |       |       ||    82
       Plate armour      |       |       |    56 |   314 |   525 |    65 ||   960
Dodge: Dodged            |    24 |    31 |    71 |   290 |   620 |    82 ||  1118
Block: Shield            |    33 |    42 |    97 |       |       |       ||   172
